 Dungeon Crawl Stone Soup version 0.25-a0-265-g7af84ae0ac (webtiles) character file.

Game seed: 2672869801065439858, levelgen mode: deterministic

7 Lanoc the Grave Robber (level 1, 0/14 HPs)
             Began as a Centaur Necromancer on Dec 8, 2019.
             Slain by a bat (1 damage)
             ... on level 1 of the Dungeon.
             The game lasted 00:00:45 (103 turns).

Lanoc the Grave Robber (Centaur Necromancer)         Turns: 103, Time: 00:00:46

Health: 0/14       AC:  4    Str: 10    XL:     1   Next: 83%
Magic:  0/3        EV: 10    Int: 14    God:
Gold:   37         SH:  0    Dex:  9    Spells: 1/3 levels left

rFire    . . .     SeeInvis .   (no weapon)
rCold    . . .     Gourm    .   (no shield)
rNeg     . . .     Faith    .   a - +0 robe
rPois    .         Spirit   .   (no helmet)
rElec    .         Reflect  .   (no cloak)
rCorr    .         Harm     .   (no gloves)
MR       .....                  (no barding)
Stlth    +.........             (no amulet)
HPRegen  0.04/turn              (no ring)
MPRegen  0.08/turn              (no ring)

@: very quick
A: large, hooves 3, deformed body, speed 2, tough skin 3
a: no special abilities


You were on level 1 of the Dungeon.
You were not hungry.

You visited 1 branch of the dungeon, and saw 1 of its levels.

You collected 37 gold pieces.

Inventory:

Armour
 a - a +0 robe (worn)
Scrolls
 b - a scroll of immolation {unknown}
Comestibles
 c - a ration
 d - a chunk of flesh


   Skills:
 + Level 1.6 Dodging
 - Level 1.1 Stealth
 - Level 1.5 Spellcasting
 + Level 3.8 Necromancy


You had one spell level left.
You knew the following spells:

 Your Spells              Type           Power        Failure   Level  Hunger
a - Pain                  Necr           ##..         5%          1    ##.....
b - Animate Skeleton      Necr           N/A          5%          1    ##.....

Your spell library contained the following spells:

 Spells                   Type           Power        Failure   Level  Hunger
 Vampiric Draining        Necr           ##........   16%         3    ####...
 Regeneration             Chrm/Necr      #.........   34%         3    ####...
 Animate Dead             Necr           N/A          45%         4    #####..


Dungeon Overview and Level Annotations

Branches:
Dungeon (1/15)

Altars:


Innate Abilities, Weirdness & Mutations

You have hooves in place of feet.
Armour fits poorly on your strangely shaped body.
You cover ground very quickly.
You have extremely tough skin. (AC +3)


Message History

The hobgoblin is almost dead.
The bat barely misses you.
The hobgoblin hits you with a cursed +0 club.
* * * LOW HITPOINT WARNING * * *
The rat bites you but does no damage.
Your hobgoblin skeleton misses the bat.
The bat hits your hobgoblin skeleton. The bat hits your hobgoblin skeleton.
The rat bites your hobgoblin skeleton.
Your hobgoblin skeleton barely misses the bat.
The bat hits your hobgoblin skeleton. The rat bites your hobgoblin skeleton.
Your hobgoblin skeleton is destroyed!
Casting: Pain (safe; 5% risk of failure)
Confirm with . or Enter, or press ? or * to list all spells.
Aiming: Pain (safe; 5% risk of failure)
Press: ? - help, Shift-Dir - straight line, f/p - hobgoblin
Aim: a hobgoblin, wielding a +0 club (almost dead, chance to defeat MR: 80%)
The hobgoblin writhes in agony.
You kill the hobgoblin!
The bat hits you but does no damage.
You barely miss the bat. Your kick misses the bat. The bat hits you.
You die...

#.........# #...... ........#
#.........# #.#.### ........#
#....(....###...# ........#
#...........##..# ........#
##....#...#.....# ........#
#....#.#.#..##.# ....(...#
#....#.#†#..#..### ......†.#
#....#......#.....
........####@...###.##.#..###
.......)r..b........##.#.>#
...!....####....######.#Z##
$...(...# #...........#.#
######### #...........#.#
#...#.....)...#
#...#.####....# ##+##.#
#..#.# #.# ####.#


You could see a bat and a rat.

Vanquished Creatures
  2 bats (D:1)
  2 hobgoblins (D:1)
  A kobold (D:1)
  A rat (D:1)
6 creatures vanquished.

Vanquished Creatures (collateral kills)
  A bat (D:1)
1 creature vanquished.

Grand Total: 7 creatures vanquished

Notes
Turn   | Place    | Note
-------+----------+-------------------------------------------
     0 | D:1      | Lanoc the Centaur Necromancer began the quest for the Orb.
     0 | D:1      | Reached XP level 1. HP: 14/14 MP: 3/3
    33 | D:1      | Learned a level 1 spell: Animate Skeleton
   103 | D:1      | Slain by a bat

Levels and vault maps discovered:
D:1:      minmay_arrival_hallway, layout_basic, minmay_heptomino_h4

Action                   || total
-------------------------++-------
Melee: Unarmed           ||    18
       Kick              ||     2
 Cast: Pain              ||     7
       Animate Skeleton  ||     1
Armor: Robe              ||    14
Dodge: Dodged            ||    19

Table legend:
 A = Non-vault XP
 B = Vault XP
 C = Vault XP percentage of total XP
 D = Non-vault monster count
 E = Vault monster count
 F = Vault count percentage of total count
                 A         B        C        D         E       F
            +---------+---------+-------+---------+---------+-------
      Total |      10 |       0 |   0.0 |       7 |       0 |   0.0
            +---------+---------+-------+---------+---------+-------
        D:1 |      10 |       0 |   0.0 |       7 |       0 |   0.0
            +---------+---------+-------+---------+---------+-------
